 Dungeon Crawl Stone Soup version 0.23.2-40-g277498a001 (webtiles) character file.

Game seed: 16778879525230451962

21429 vocque the Fighter (level 12, -2/112 HPs)
             Began as a Minotaur Berserker on Oct 16, 2019.
             Was a High Priest of Trog.
             Engulfed by a ghost crab's spectral mist (18 damage)
             ... on level 1 of the Swamp on Oct 17, 2019.
             The game lasted 01:26:09 (11608 turns).

vocque the Fighter (Minotaur Berserker)            Turns: 11608, Time: 01:26:10

Health: -2/112     AC: 21    Str: 23    XL:     12   Next: 54%
Magic:  11/11      EV: 16    Int:  4    God:    Trog [*****.]
Gold:   934        SH:  7    Dex: 14    Spells: 11/11 levels left

rFire    x . .     SeeInvis .   E - +6 war axe
rCold    + + .     Gourm    .   C - +1 buckler {AC+3}
rNeg     . . .     Faith    .   v - +3 scale mail {rC+}
rPois    .         Spirit   .   (helmet restricted)
rElec    .         Reflect  .   (no cloak)
rCorr    .         Harm     .   (no gloves)
MR       ++...                  (no boots)
Stlth    ..........             (no amulet)
HPRegen  1.28/turn              W - +6 ring of protection
MPRegen  0.12/turn              Z - ring of ice

@: berserk cooldown, regenerating, slowed, lightly drained, very slow
A: retaliatory headbutt, horns 2
a: Berserk, Trog's Hand, Brothers in Arms, Renounce Religion


You were on level 1 of the Swamp.
You worshipped Trog.
Trog was extremely pleased with you.
You were very hungry.

You visited 3 branches of the dungeon, and saw 14 of its levels.

You collected 934 gold pieces.

Inventory:

Hand Weapons
 s - a +0 whip of freezing
 z - a +2 war axe of venom
 E - a +6 war axe (weapon)
 O - the +6 long sword of the Unkillable {holy, rPois SInv Stlth-}
   (You found it on level 9 of the Dungeon)

   It has been blessed by the Shining One to cause great damage to the undead
   and demons.
   It protects you from poison.
   It lets you see invisible.
   It makes you less stealthy.
Armour
 t - a +2 robe of cold resistance
 v - a +3 scale mail of cold resistance (worn)
 C - a +1 buckler of protection (worn)
 P - a +2 robe of fire resistance
 S - a +2 robe of magic resistance
Jewellery
 b - a cursed ring of attention {unknown}
 f - an uncursed ring of resist corrosion
 W - a +6 ring of protection (left hand)
 Z - a ring of ice (right hand)
Wands
 a - a wand of random effects (15)
 q - a wand of digging (4)
 r - a wand of clouds (7)
 x - a wand of paralysis (14)
 y - a wand of flame (23)
 F - a wand of acid (9)
 J - a wand of disintegration (15)
 K - a wand of scattershot (6)
 T - a wand of iceblast (10)
Scrolls
 e - 5 scrolls of identify
 h - 8 scrolls of remove curse
 i - a scroll of fog {unknown}
 j - a scroll of enchant weapon
 n - 9 scrolls of teleportation
 p - 2 scrolls of amnesia {unknown}
 w - a scroll of enchant armour {unknown}
 A - 2 scrolls of immolation
 D - a scroll of torment {unknown}
 H - a scroll of silence {unknown}
 M - 2 scrolls of magic mapping
 N - 3 scrolls of blinking
 U - a scroll of holy word {unknown}
Potions
 d - 6 potions of haste
 g - 3 potions of brilliance
 l - a potion of cancellation
 m - a potion of agility
 o - 2 potions of berserk rage
 B - 4 potions of curing
 G - 4 potions of heal wounds
 I - 2 potions of flight
 V - 2 potions of lignification {unknown}
 X - a potion of might {unknown}
Miscellaneous
 R - a phial of floods
Comestibles
 c - 17 rations


   Skills:
 + Level 12.2(11.6) Fighting
 + Level 12.2(11.7) Axes
 + Level 11.9(11.3) Armour
 + Level 11.0(10.5) Dodging
 + Level 8.8(8.3) Shields


You had 11 spell levels left.
You didn't know any spells.
Your spell library was empty.

Dungeon Overview and Level Annotations

Branches:
Dungeon (11/15)            Temple (0/1) D:4            Lair (2/6) D:10
  Swamp (1/4) Lair:2          Orc (0/2) D:9
  Snake: Lair:2-4    Spider: Lair:2-4

Altars:
Ashenzari
Elyvilon
Gozag
Hepliaklqana
Kikubaaqudgha
Makhleb
Nemelex Xobeh
Ru
Sif Muna
Uskayaw
Wu Jian
Xom
Yredelemnul
The Shining One

Shops:
D:11 :

Portals:
Trove: D:11 (give 2 scrolls of acquirement)


Innate Abilities, Weirdness & Mutations

You reflexively headbutt those who attack you in melee.
You have a pair of horns on your head.


Message History

The ghost crab breathes spectral mist at you.
The spectral mist engulfs you but does no damage.
The tyrant leech is engulfed in spectral mist.
The tyrant leech dies!
The ghost crab breathes spectral mist at you.
The spectral mist engulfs you but does no damage.
You slash the ghost crab!
The ghost crab is moderately damaged.
You are engulfed in spectral mist.
* * * LOW HITPOINT WARNING * * *
The vampire mosquito barely misses you. You furiously retaliate!
You headbutt the vampire mosquito!! The ghost crab bites you!
* * * LOW HITPOINT WARNING * * *
The ghost crab claws you but does no damage.
The vampire mosquito misses you.
You closely miss the vampire mosquito.
The vampire mosquito is severely damaged.
You slash the ghost crab! You slash the vampire mosquito!
You are engulfed in spectral mist.
You die...

♣.....≈.§♣..≈≈≈).≈≈.
≈.♣♣≈.≈≈≈≈≈≈.♣♣..≈≈..≈..
.§§..≈≈≈≈≈≈..≈≈≈≈...≈≈..
♣≈≈≈≈≈≈≈≈≈..≈≈.≈≈...♣♣♣.
♣♣≈≈≈≈Z≈.≈≈≈..≈≈≈....$♣.
♣.≈≈°≈≈.≈≈≈≈..≈≈....P..
♣≈.|○°≈≈....≈...P.≈≈.)P
♣♣○♣♣♣≈....w.P..≈≈≈.
♣°y@♣♣♣♣....P.≈≈≈≈.≈
♣♣ty♣°♣♣♣♣♣..≈≈≈≈≈≈.
♣♣°y.§☼♣♣≈w..≈.≈≈≈..
♣≈°.°.♣♣≈≈...P≈≈≈.≈P
♣♣..○.≈......PP.≈.PP
♣.≈≈..†........PP..
♣......≈§...≈≈.....
♣..≈.≈........≈....
♣♣≈.≈≈..≈≈.........


You could see a ghost crab, a spectral alligator snapping turtle and 3 vampire
mosquitoes.

Vanquished Creatures
  2 hydras (Lair:1)
  Harold (D:10)
  A spriggan (Swamp:1)
  The ghost of Curus the Cruncher, a novice DsGl of Lugonu (D:9)
  Nergalle (D:10)
  An unseen horror (D:11)
  Pikel (D:3)
  An ugly thing (D:11)
  2 black mambas (Lair:1)
  Maurice (D:9)
  Psyche (D:9)
  3 spiny frogs (Lair:1)
  4 komodo dragons
  2 kobold demonologists (D:10)
  3 trolls
  2 hornets (Swamp:1)
  Grinder (D:6)
  2 bog bodies
  Prince Ribbit (D:7)
  A hippogriff (D:11)
  A shadow (D:9)
  Eustachio (D:6)
  A vampire (D:9)
  16 yaks
  6 wraiths (D:9)
  A wyvern (D:10)
  2 basilisks
  A steam dragon (D:10)
  A hungry ghost (D:9)
  3 vampire mosquitoes (Swamp:1)
  2 swamp worms (Swamp:1)
  Duvessa (D:4)
  3 water moccasins (Lair:2)
  2 orc warriors
  A sky beast (D:11)
  A swamp drake (Swamp:1)
  2 porcupines (Lair:2)
  3 ice beasts
  A phantom (D:6)
  A black bear (D:6)
  9 ogres
  5 centaurs
  6 crocodiles
  2 big kobolds
  7 bullfrogs
  Dowan (D:4)
  A wyvern skeleton (D:8)
  2 scorpions
  5 killer bees (D:10)
  12 wights
  2 howler monkeys
  A crimson imp (D:8)
  4 centaur skeletons
  6 orc priests
  4 hounds
  3 jellies
  8 orc wizards
  A bullfrog skeleton (D:10)
  An iguana (D:9)
  Natasha (D:2)
  Ijyb (D:3)
  5 worker ants
  A hound skeleton (D:7)
  2 howler monkey zombies
  4 gnolls (D:5)
  13 adders
  A shadow imp (D:6)
  An ooze (D:2)
  3 adder skeletons
  3 worms
  6 leopard geckos
  39 orcs
  A ball python (D:2)
  3 giant cockroaches
  10 goblins
  7 hobgoblins
  4 quokkas
  6 bats
  8 frilled lizards
  9 kobolds
  2 quokka skeletons
  2 rats
  A rat zombie (D:8)
295 creatures vanquished.

Vanquished Creatures (others)
  A tyrant leech (Swamp:1)
  A spriggan (Swamp:1)
  A swamp drake (Swamp:1)
  Robin (D:4)
  4 goblins (D:4)
  A hobgoblin (D:4)
  A fungus (Swamp:1)
10 creatures vanquished.

Grand Total: 305 creatures vanquished

Notes
Turn   | Place    | Note
-------+----------+-------------------------------------------
     0 | D:1      | vocque the Minotaur Berserker began the quest for the Orb.
     0 | D:1      | Reached XP level 1. HP: 19/19 MP: 0/0
   150 | D:1      | Reached XP level 2. HP: 27/27 MP: 1/1
   610 | D:2      | Found a glowing golden altar of the Shining One.
   644 | D:2      | Found a white marble altar of Elyvilon.
   712 | D:2      | Reached XP level 3. HP: 33/33 MP: 2/2
   736 | D:2      | Found a basalt altar of Yredelemnul.
   836 | D:2      | Reached ** piety under Trog
   837 | D:2      | Noticed an ogre
   844 | D:2      | Killed an ogre
   844 | D:2      | Reached XP level 4. HP: 39/41 MP: 3/3
   923 | D:2      | Noticed Natasha
   942 | D:2      | Killed Natasha
   942 | D:2      | Reached XP level 5. HP: 38/47 MP: 4/4
   952 | D:2      | Found a hide-covered altar of Uskayaw.
  1138 | D:3      | Found an opulent altar of Gozag.
  1365 | D:3      | Found a sparkling altar of Nemelex Xobeh.
  1544 | D:3      | Reached skill level 5 in Axes
  1705 | D:4      | Reached skill level 5 in Fighting
  1726 | D:4      | Noticed an ogre
  1854 | D:4      | Killed an ogre
  1854 | D:4      | Reached XP level 6. HP: 25/56 MP: 5/5
  2044 | D:4      | Reached *** piety under Trog
  2056 | D:4      | Noticed Duvessa
  2066 | D:4      | Noticed Dowan
  2068 | D:4      | Killed Duvessa
  2076 | D:4      | Killed Dowan
  2076 | D:4      | Reached skill level 5 in Armour
  2076 | D:4      | Reached XP level 7. HP: 55/62 MP: 6/6
  2086 | D:4      | Noticed Pikel
  2086 | D:4      | Noticed Ijyb
  2207 | D:3      | Killed Pikel
  2207 | D:3      | Reached skill level 5 in Dodging
  2207 | D:3      | Reached XP level 8. HP: 71/71 MP: 7/7
  2210 | D:3      | Killed Ijyb
  2296 | D:4      | Found a staircase to the Ecumenical Temple.
  2299 | D:4      | Found a shattered altar of Ashenzari.
  2356 | D:4      | Noticed Robin
  2363 | D:4      | Killed Robin
  2608 | D:5      | Entered Level 5 of the Dungeon
  3055 | D:5      | Found a deep blue altar of Sif Muna.
  3468 | D:6      | Noticed Eustachio
  3483 | D:6      | Killed Eustachio
  3556 | D:6      | Reached XP level 9. HP: 81/81 MP: 8/8
  3890 | D:6      | Reached **** piety under Trog
  3910 | D:6      | Found a sacrificial altar of Ru.
  3910 | D:6      | Found a hazy altar of Hepliaklqana.
  3910 | D:6      | Found a burning altar of Makhleb.
  3987 | D:6      | Noticed Grinder
  4003 | D:6      | Killed Grinder
  4300 | D:7      | Noticed Prince Ribbit
  4567 | D:7      | Killed Prince Ribbit
  4912 | D:7      | Reached skill level 1 in Shields
  5837 | D:8      | Received a gift from Trog
  5938 | D:8      | Found an ornate altar of the Wu Jian Council.
  5972 | D:8      | Reached XP level 10. HP: 91/91 MP: 9/9
  6145 | D:8      | Found an ancient bone altar of Kikubaaqudgha.
  6391 | D:9      | Found a shimmering altar of Xom.
  6391 | D:9      | Found a shimmering altar of Xom.
  6413 | D:9      | Found a shimmering altar of Xom.
  6413 | D:9      | Found a shimmering altar of Xom.
  6435 | D:9      | Found a shimmering altar of Xom.
  6562 | D:9      | Got a pitted long sword
  6563 | D:9      | Identified the +6 long sword of the Unkillable {holy, rPois
                  | SInv Stlth-} (You found it on level 9 of the Dungeon)
  6628 | D:9      | Reached ***** piety under Trog
  6637 | D:9      | Found a runed translucent gate.
  6637 | D:9      | Found a runed translucent gate.
  6638 | D:9      | Found a runed translucent gate.
  6642 | D:9      | Noticed Curus's ghost (novice DsGl)
  6689 | D:9      | Noticed Psyche
  6742 | D:9      | Noticed Maurice
  6742 | D:9      | Paralysed by Maurice for 6 turns
  6762 | D:9      | Killed Maurice
  6772 | D:9      | Found a staircase to the Orcish Mines.
  6929 | D:9      | Killed Psyche
  6929 | D:9      | Reached skill level 10 in Fighting
  7056 | D:9      | Reached skill level 10 in Axes
  7057 | D:9      | Killed Curus's ghost
  7057 | D:9      | Reached skill level 5 in Shields
  7067 | D:9      | Reached skill level 10 in Armour
  7096 | D:10     | Entered Level 10 of the Dungeon
  7117 | D:10     | Noticed Nergalle
  7128 | D:10     | Killed Nergalle
  7128 | D:10     | Reached XP level 11. HP: 101/101 MP: 10/10
  7197 | D:10     | Noticed Harold
  7216 | D:10     | Killed Harold
  7312 | D:10     | You fall through a shaft!
  7967 | D:10     | Found a staircase to the Lair.
  8107 | D:11     | Found Wybal's Book Shop.
  8107 | D:11     | Noticed a white ugly thing
  8140 | D:11     | Killed a white ugly thing
  8254 | D:11     | Killed an unseen horror
  8286 | D:11     | Reached skill level 10 in Dodging
  8380 | D:11     | Found a portal to a secret trove of treasure.
  8878 | Lair:1   | Entered Level 1 of the Lair of Beasts
  8909 | Lair:1   | Noticed an eight-headed hydra
  8924 | Lair:1   | Killed an eight-headed hydra
  9569 | Lair:1   | Reached XP level 12. HP: 97/110 MP: 11/11
  9864 | Lair:1   | Noticed a five-headed hydra
  9873 | Lair:1   | Killed a five-headed hydra
 10604 | Lair:2   | Found a staircase to the Swamp.
 11347 | Swamp:1  | Entered Level 1 of the Swamp
 11563 | Swamp:1  | Noticed a ghost crab
 11565 | Swamp:1  | Received a gift from Trog
 11584 | Swamp:1  | Noticed an alligator
 11608 | Swamp:1  | Engulfed by a ghost crab's spectral mist

Skill      XL: |  1  2  3  4  5  6  7  8  9 10 11 12 |
---------------+-------------------------------------+-----
Axes           | 4 5 6 7 9 10 11 12 | 12.2
Fighting       | 4 5 6 7 9 10 11 12 | 12.2
Armour         | 3 4 5 6 7 8 10 11 | 11.9
Dodging        | 3 4 5 6 8 9 10 11 | 11.0
Shields        | 2 5 7 8 |  8.8

Action                   |  1- 3 |  4- 6 |  7- 9 | 10-12 || total
-------------------------+-------+-------+-------+-------++-------
Melee: Hand axe          |    47 |   134 |    20 |       ||   201
       Headbutt          |     9 |    22 |    57 |   112 ||   200
       War axe           |       |       |   239 |   352 ||   591
       Whip              |       |       |       |    17 ||    17
       Long sword        |       |       |       |    77 ||    77
Invok: Berserk           |     1 |     1 |     6 |     5 ||    13
       Trog's Hand       |       |     1 |     3 |     5 ||     9
  Use: Scroll            |       |     3 |     5 |     7 ||    15
       Potion            |       |       |       |     1 ||     1
  Eat: Chunk             |       |     5 |    13 |    22 ||    40
       Ration            |       |       |     2 |     1 ||     3
Armor: Leather armour    |     6 |     6 |       |       ||    12
       Scale mail        |       |    15 |    10 |   169 ||   194
       Plate armour      |       |       |    94 |    87 ||   181
Dodge: Dodged            |    34 |    80 |   110 |   276 ||   500
Block: Buckler           |       |       |    11 |   155 ||   166
       Rpst.: Long sword |       |       |       |    35 ||    35
